 Dungeon Crawl Stone Soup version 0.30-a0-458-g86641cc369 (webtiles) character file.

Game seed: 14219750995330887220

4 snoose the Grave Robber (level 1, -1/14 HPs)
             Began as a Ghoul Necromancer on Dec 14, 2022.
             Slain by a hobgoblin (3 damage)
             ... on level 1 of the Dungeon.
             The game lasted 00:03:16 (180 turns).

snoose the Grave Robber (Ghoul Necromancer)          Turns: 180, Time: 00:03:17

Health: -1/14      AC:  2    Str: 11    XL:     1   Next: 60%
Magic:  1/2        EV: 12    Int: 10    God:
Gold:   9          SH:  0    Dex:  9    Spells: 3/4 levels left

rFire   . . .      SeeInvis .    c - +0 dagger
rCold   + . .      Faith    .    (no shield)
rNeg    + + +      Spirit   .    a - +0 robe
rPois   ∞          Reflect  .    (no helmet)
rElec   .          Harm     .    (no cloak)
rCorr   .          Rampage  .    (no gloves)
Will    .....                    (no boots)
Stlth   ++........               (no amulet)
HPRegen 0.00/turn                (no ring)
MPRegen 0.08/turn                (no ring)

@: inhibited regen
A: claws 1, cold resistance 1, negative energy resistance 3, inhibited
regeneration, torment resistance 2, devour on kill
a: no special abilities


You were on level 1 of the Dungeon.
You visited 1 branch of the dungeon, and saw 1 of its levels.

You collected 9 gold pieces.

Inventory:

Hand Weapons
 c - a +0 dagger (weapon)
Armour
 a - a +0 robe (worn)
Scrolls
 d - a scroll of identify {unknown}
Potions
 b - a potion of magic


   Skills:
 + Level 1.7 Dodging
 + Level 2.1 Stealth
 + Level 2.0 Spellcasting
 + Level 4.0 Necromancy


You had 3 spell levels left.
You knew the following spells:

 Your Spells              Type           Power      Damage    Failure   Level
a - Necrotise             Necr           36%        1d5       6%          1

Your spell library contained the following spells:

 Spells                   Type           Power      Damage    Failure   Level
 Vampiric Draining        Necr           9%         2d6       17%         3
 Animate Dead             Necr           9%         N/A       50%         4
 Agony                    Necr           9%         N/A       85%         5


Dungeon Overview and Level Annotations

Branches:
Dungeon (1/15)

Altars:


Innate Abilities, Weirdness & Mutations

You are immune to poison.
You have sharp fingernails.
Your flesh is cold resistant. (rC+)
You are immune to negative energy. (rN+++)
You do not regenerate when monsters are visible.
You are immune to unholy pain and torment.
You thrive by killing the living.


Message History

A dart slug comes into view.
Your kobold skeleton hits the hobgoblin.
The hobgoblin barely misses you.
Casting: Necrotise (safe; 6% risk of failure)
Confirm with . or Enter, or press ? or * to list all spells.
Aiming: Necrotise (safe; 6% risk of failure)
Press: ? - help, Shift-Dir - straight line, f - hobgoblin
Aim: a hobgoblin (heavily wounded, ally target, chance to affect: 76%)
The hobgoblin writhes in agony.
The quokka completely misses you. The hobgoblin hits you.
Casting: Necrotise (safe; 6% risk of failure)
Confirm with . or Enter, or press ? or * to list all spells.
You don't have enough magic to cast this spell.
Unknown command.
Really attack while wielding nothing? [Y]es or [N]o only, please.
Really attack while wielding nothing? [Y]es or [N]o only, please.
Really attack while wielding nothing?
Okay, then.
c - a +0 dagger (weapon)
The quokka bites you but does no damage.
Your kobold skeleton closely misses the hobgoblin.
You barely miss the quokka. The hobgoblin hits you. The quokka bites you.
Your kobold skeleton completely misses the hobgoblin.
You hit the quokka.
The quokka is severely wounded.
The quokka bites you. The hobgoblin misses you.
You closely miss the quokka.
The quokka is severely wounded.
The quokka misses you.
Your kobold skeleton closely misses the hobgoblin.
The hobgoblin barely misses you. The quokka attacks as you move away!
The quokka barely misses you. The hobgoblin attacks as you move away!
The hobgoblin hits you.
* * * LOW HITPOINT WARNING * * *
The quokka closely misses you. The quokka attacks as you move away!
The quokka closely misses you. The hobgoblin attacks as you move away!
The hobgoblin hits you.
You die...

#... ##......##.#.##
.......####.....##.#.#
.........#.#.........
.#.. #............. #
.....##..........#.#
#.. #..................
#...#.####...?.>.......
........r.).w........##
.#..@gZ...#.........
######........w..#.
#...#..##...# #...#?.#
......... ##..#..###
#...... .##.##


You could see a dart slug, a quokka, a hobgoblin (ally target) and a friendly
kobold skeleton.

Vanquished Creatures
  A goblin (D:1)
  A hobgoblin (D:1)
  A frilled lizard (D:1)
  A kobold (D:1)
4 creatures vanquished.

Notes
Turn   | Place    | Note
-------+----------+-------------------------------------------
     0 | D:1      | snoose the Ghoul Necromancer began the quest for the Orb.
     0 | D:1      | Reached XP level 1. HP: 14/14 MP: 2/2
   180 | D:1      | Slain by a hobgoblin

Illustrated notes

Levels and vault maps discovered:
D:1:      onia_arrival_pyramid, layout_basic, serial_corexii_hall,
          chequers_hall_statues_y, corexii_hall_statues_l

Skill      XL: |  1 |
---------------+----+-----
Spellcasting   | 2 |  2.0
Dodging        | |  1.7
Stealth        | |  2.1
Necromancy     | |  4.0

Action                   || total
-------------------------++-------
Melee: Dagger            ||     3
       Unarmed           ||     2
 Cast: Necrotise         ||     6
Armor: Robe              ||     2
Dodge: Dodged            ||     9

Table legend: (Time is in decaauts)
 A = Elapsed time spent in this place.
 B = Non-inter-level travel time spent in this place.
 C = Inter-level travel time spent in this place.
 D = Time resting spent in this place.
 E = Time spent auto-exploring this place.
 F = Levels seen in this place.
 G = Mean time per level.
                   A        B        C        D        E       F      G
               +--------+--------+--------+--------+--------+-----+--------+
         Total |    179 |    179 |      0 |      8 |     90 |   1 |  179.0 |
       Dungeon |    179 |    179 |      0 |      8 |     90 |   1 |  179.0 |
               +--------+--------+--------+--------+--------+-----+--------+

Top non-repeatable levels by time:
     D:1: 179 daAuts
